 Dungeon Crawl Stone Soup version 0.30-a0-779-g7971cf19c3 (webtiles) character file.

Game seed: 15436013636345576211

74 kae the Digger (level 4, -8/24 HPs)
             Began as a Gargoyle Earth Elementalist on Feb 17, 2023.
             Mangled by a gnoll
             ... wielding a +0 halberd
              (13 damage)
             ... on level 2 of the Dungeon.
             The game lasted 00:01:26 (1781 turns).

kae the Digger (Gargoyle Earth Elementalist)        Turns: 1781, Time: 00:01:26

Health: -8/24      AC:  5    Str: 12    XL:     4   Next: 30%
Magic:  2/8        EV: 11    Int: 17    God:
Gold:   60         SH:  0    Dex: 10    Spells: 2/8 levels left

rFire   . . .      SeeInvis .    m - +0 whip
rCold   . . .      Faith    .    (no shield)
rNeg    + . .      Spirit   .    a - +0 robe
rPois   ∞          Reflect  .    (no helmet)
rElec   +          Harm     .    (no cloak)
rCorr   .          Rampage  .    (no gloves)
Will    .....                    (no boots)
Stlth   ++                       (no amulet)
HPRegen 0.24/turn                (no ring)
MPRegen 0.11/turn                (no ring)

@: no status effects
A: sickness immunity, AC +3, negative energy resistance 1, electricity
resistance, torment resistance 1, petrification resistance
a: no special abilities


You were on level 2 of the Dungeon.
You visited 1 branch of the dungeon, and saw 2 of its levels.

You collected 60 gold pieces.


Innate Abilities, Weirdness & Mutations

You are immune to sickness and miasma.
Your stone body is resilient. (AC +3)
You are immune to poison.
You resist negative energy. (rN+)
You are resistant to electric shocks. (rElec)
You are resistant to unholy torment.
You are immune to petrification.


   Skills:
 - Level 1.5 Dodging
 - Level 2.1 Stealth
 + Level 2.8 Spellcasting
 + Level 2.2 Conjurations
 - Level 0.7 Transmutations
 + Level 4.5 Earth Magic


You had 2 spell levels left.
You knew the following spells:

 Your Spells              Type           Power      Damage    Failure   Level
a - Sandblast             Erth           34%        2d9       2%          1
b - Stone Arrow           Conj/Erth      26%        3d8       13%         3
c - Passwall              Tmut/Erth      9%         N/A       9%          2

Your spell library contained the following spells:

 Spells                   Type           Power      Damage    Failure   Level
 Ignite Poison            Fire/Tmut/Pois 3%         N/A       43%         3
 Kindle Blastsparks       Fire/Tloc/Air  4%         2d10      47%         3
 Petrify                  Tmut/Erth      11%        N/A       52%         4
 Freezing Cloud           Conj/Ice/Air   2%         6-21      98%         5

Inventory:

Hand Weapons
 m - a +0 whip (weapon)
   (You took it off a kobold on level 2 of the Dungeon)
Missiles
 d - 25 stones
 g - 3 poisoned darts
Armour
 a - a +0 robe (worn)
Jewellery
 v - a ring of see invisible
   (You found it on level 1 of the Dungeon)
Scrolls
 c - a scroll of magic mapping {!r}
 n - a scroll of immolation {unknown}
 o - a scroll of blinking {!r}
Potions
 b - 3 potions of magic
 e - a potion of lignification {unknown}
 f - a potion of mutation {unknown}
 h - 2 potions of curing {@q1}
 i - 2 potions of cancellation
 j - a potion of invisibility {unknown}
 k - 2 potions of heal wounds {unknown}
 l - a potion of resistance {unknown}

Dungeon Overview and Level Annotations

Branches:
Dungeon (2/15) Zot: 10186

Altars:

############ .
#####....#.....# ..
#......#.#)###.# ...
#......#.#.# #.# #. g...
+......#.#.# #.# #.
..gg.##......#.#.# #.# #.
.....)'......'.#.###.#####.
....##.g.@..###...#.....#.
. #......# ###.#####.#.
+####......#####.#####.#.
.<..............[....†....
##########.######.####....
........##.# #...<#..#.
#.#####..#.###########..#.
##................#.
#####..#########.#.


You could see 2 gnolls.


Message History

😎 MP[-1]
You lost 1 mp, and now have 5/8 mp.
Casting: Sandblast (safe; 3% risk of failure)
Confirm with . or Enter, or press ? or * to list all spells.
You can't see any susceptible monsters within range! (Use Z to cast anyway.)
h - 2 potions of curing {@q1} (gained 1)
You see here a +0 leather armour.
Found an escape hatch in the ceiling. 😎 MP[+3]
Your mp is fully restored (8).
Key pressed, stopping explore.
Casting: Sandblast (safe; 3% risk of failure)
Confirm with . or Enter, or press ? or * to list all spells.
You can't see any susceptible monsters within range! (Use Z to cast anyway.)
You open the door.
There is an open door here.
Found a stone staircase leading up.
Casting: Sandblast (safe; 3% risk of failure)
Confirm with . or Enter, or press ? or * to list all spells.
You can't see any susceptible monsters within range! (Use Z to cast anyway.)
You open the large door. 2 jackals and a gnoll come into view.
There are monsters nearby!
There are monsters nearby!
A goblin comes into view. It is wielding a +0 dagger.
Unknown command.
The jackal barks!
The goblin shouts!
You hear a shout!
Casting: Sandblast (safe; 3% risk of failure)
Confirm with . or Enter, or press ? or * to list all spells.
Aiming: Sandblast (safe; 3% risk of failure)
Press: ? - help, Shift-Dir - straight line, f - goblin
Aim: a goblin, wielding a +0 dagger (77% to hit)
The blast of sand hits the goblin!
You kill the goblin!
A gnoll comes into view. It is wielding a +0 flail.
A gnoll comes into view. It is wielding a +0 halberd.
The gnoll moves out of view. 😎 MP[-1]
You lost 1 mp, and now have 7/8 mp.
Casting: Sandblast (safe; 3% risk of failure)
Confirm with . or Enter, or press ? or * to list all spells.
Aiming: Sandblast (safe; 3% risk of failure)
Press: ? - help, Shift-Dir - straight line, f - jackal
Aim: a jackal (77% to hit)
The blast of sand hits the jackal!!
You kill the jackal!
The gnoll shouts!
You hear a bark!
A jackal comes into view. 😎 MP[-1]
You lost 1 mp, and now have 6/8 mp.
There is an escape hatch in the ceiling here.
Casting: Sandblast (safe; 3% risk of failure)
Confirm with . or Enter, or press ? or * to list all spells.
Aiming: Sandblast (safe; 3% risk of failure)
Press: ? - help, Shift-Dir - straight line, f - gnoll
Aim: a gnoll, wielding a +0 flail (84% to hit)
The blast of sand hits the gnoll! 😎 MP[-1]
You lost 1 mp, and now have 5/8 mp.
Casting: Sandblast (safe; 3% risk of failure)
Confirm with . or Enter, or press ? or * to list all spells.
Aiming: Sandblast (safe; 3% risk of failure)
Press: ? - help, Shift-Dir - straight line, f/p - gnoll
Aim: a gnoll, wielding a +0 flail (heavily wounded, 84% to hit)
The blast of sand hits the gnoll.
You kill the gnoll! 😎 MP[-1]
You lost 1 mp, and now have 4/8 mp.
Casting: Sandblast (safe; 2% risk of failure)
Confirm with . or Enter, or press ? or * to list all spells.
Aiming: Sandblast (safe; 2% risk of failure)
Press: ? - help, Shift-Dir - straight line, f - jackal
Aim: a jackal (77% to hit)
The blast of sand hits the jackal!
You kill the jackal! 😎 MP[-1]
You lost 1 mp, and now have 3/8 mp.
Casting: Sandblast (safe; 2% risk of failure)
Confirm with . or Enter, or press ? or * to list all spells.
Aiming: Sandblast (safe; 2% risk of failure)
Press: ? - help, Shift-Dir - straight line, f - gnoll
Aim: a gnoll, wielding a +0 halberd (84% to hit)
The blast of sand misses the gnoll.
The gnoll hits you from afar with a +0 halberd!
Ouch! That really hurt!
* * * LOW HITPOINT WARNING * * *
😨 HP[-13]
You take 13 damage, and now have 11/24 hp.
MASSIVE DAMAGE!! (PAUSE)
Casting: Sandblast (safe; 2% risk of failure)
Confirm with . or Enter, or press ? or * to list all spells.
Aiming: Sandblast (safe; 2% risk of failure)
Press: ? - help, Shift-Dir - straight line, f/p - gnoll
Aim: a gnoll, wielding a +0 halberd (84% to hit)
The blast of sand hits the gnoll!
The gnoll hits you from afar with a +0 halberd.
* * * LOW HITPOINT WARNING * * *
The gnoll hits you from afar with a +0 halberd!
Ouch! That really hurt!
You die...

Skill      XL: |  1  2  3 |
---------------+----------+-----
Conjurations   | 1 2 |  2.2
Earth Magic    | 4 |  4.5
Dodging        | |  1.5
Stealth        | |  2.1
Spellcasting   | |  2.8
Transmutations | |  0.7

Action                     |  1- 3 |  4- 6 || total
---------------------------+-------+-------++-------
  Melee: Unarmed           |    11 |       ||    11
   Cast: Sandblast         |    55 |     8 ||    63
    Use: Scroll            |     5 |       ||     5
 Armour: Robe              |     8 |       ||     8
  Dodge: Dodged            |    10 |       ||    10

Levels and vault maps discovered:
D:1:      saegor_arrival_simple_d, layout_basic, minivault_5
D:2:      layout_basic

Notes
Turn   | Place    | Note
-------+----------+-------------------------------------------
     0 | D:1      | kae the Gargoyle Earth Elementalist began the quest for the
                  | Orb.
     0 | D:1      | Reached XP level 1. HP: 10/10 MP: 3/3
     0 | D:1      | magus.rc [v1.11.3]
    39 | D:1      | HP: 2/10 [quokka (3)]
   101 | D:1      | You add the spells Kindle Blastsparks, Ignite Poison and
                  | Freezing Cloud to your library.
   223 | D:1      | Reached XP level 2. HP: 15/15 MP: 3/5
   255 | D:1      | Reached skill level 1 in Conjurations
   455 | D:1      | Reached skill level 4 in Earth Magic
  1002 | D:1      | Reached XP level 3. HP: 19/19 MP: 2/6
  1006 | D:1      | Learned a level 3 spell: Stone Arrow
  1009 | D:1      | Learned a level 2 spell: Passwall
  1208 | D:2      | HP: 4/19 [worm (7)]
  1628 | D:2      | Reached skill level 2 in Conjurations
  1689 | D:2      | Reached XP level 4. HP: 24/24 MP: 4/8
  1781 | D:2      | HP: 5/24 [gnoll/+0 halberd (6)]
  1781 | D:2      | Mangled by a gnoll

Vanquished Creatures
  A gnoll (D:2)
  2 adders (D:2)
  2 worms (D:2)
  A dart slug (D:1)
  4 endoplasms
  2 goblins
  5 hobgoblins
  2 jackals (D:2)
  3 quokkas (D:1)
  2 ball pythons (D:1)
  3 bats
  5 frilled lizards
  4 kobolds
  2 rats
38 creatures vanquished.

Table legend:
 A = Non-vault XP
 B = Vault XP
 C = Vault XP percentage of total XP
 D = Non-vault monster count
 E = Vault monster count
 F = Vault count percentage of total count
                 A         B        C        D         E       F
            +---------+---------+-------+---------+---------+-------
      Total |     107 |       0 |   0.0 |      38 |       0 |   0.0
            +---------+---------+-------+---------+---------+-------
        D:1 |      36 |       0 |   0.0 |      20 |       0 |   0.0
        D:2 |      71 |       0 |   0.0 |      18 |       0 |   0.0
            +---------+---------+-------+---------+---------+-------

Illustrated notes

Table legend:
 A = Kills in this place as a percentage of kills in entire the game.
 B = Kills by you in this place as a percentage of kills by you in the entire game.
 C = Kills by friends in this place as a percentage of kills by friends in the entire game.
 D = Other kills in this place as a percentage of other kills in the entire game.
 E = Experience gained in this place as a percentage of experience gained in the entire game.
 F = Experience gained in this place divided by the number of levels of this place that you have seen.
                   A       B       C       D       E      F
               +-------+-------+-------+-------+-------+----------------------
         Total | 100.0 | 100.0 |   N/A |   N/A | 100.0 |  53.5
       Dungeon | 100.0 | 100.0 |   N/A |   N/A | 100.0 |  53.5
               +-------+-------+-------+-------+-------+----------------------

Table legend: (Time is in decaauts)
 A = Elapsed time spent in this place.
 B = Non-inter-level travel time spent in this place.
 C = Inter-level travel time spent in this place.
 D = Time resting spent in this place.
 E = Time spent auto-exploring this place.
 F = Levels seen in this place.
 G = Mean time per level.
                   A        B        C        D        E       F      G
               +--------+--------+--------+--------+--------+-----+--------+
         Total |   1811 |   1771 |     40 |     39 |   1478 |   2 |  905.5 |
       Dungeon |   1811 |   1771 |     40 |     39 |   1478 |   2 |  905.5 |
               +--------+--------+--------+--------+--------+-----+--------+

Top non-repeatable levels by time:
     D:1: 1199 daAuts
     D:2: 612 daAuts
